PA
WASHINGTON GENERALS @ ALAMEDA AIRMEN
07/04/2025
 
TOP OF THE 1ST
Washington Generals batting - Pitching for Alameda Airmen : RHP Burm Snart
Pitching: RHP Burm Snart
Batting: SHB Dennis Barraclough 0-0: Ball
1-0: Fly out, F7 (Flyball, 7LS)
Batting: RHB Raúl García 0-0: Ball
1-0: Called Strike
1-1: Fly out, F3 (Popup, 34)
Batting: SHB Enrique Costello 0-0: Ball
1-0: Called Strike
1-1: Foul Ball, location: 2F
1-2: Fly out, F8 (Flyball, 89XD)
Top of the 1st over - 0 run(s), 0 hit(s), 0 error(s), 0 left on base; Washington 0 - Alameda 0
BOTTOM OF THE 1ST
Alameda Airmen batting - Pitching for Washington Generals : RHP Baruc Garibay
Pitching: RHP Baruc Garibay
Batting: LHB Juan Ledezma 0-0: Ball
1-0: Foul Ball, location: 2F
1-1: Foul Ball, location: 2F
1-2: Strikes out swinging
Batting: RHB Bryant Skelly 0-0: Ball
1-0: Foul Ball, location: 2F
1-1: Ground out 5-3 (Groundball, 56)
Batting: RHB Fernando Trinidad 0-0: Called Strike
0-1: Reached on error, E5 (Groundball, 5)
Batting: LHB Enrique Vásquez 0-0: Called Strike
0-1: Swinging Strike
0-2: Ball
1-2: Ball
2-2: SINGLE (Groundball, 4MD)
Fernando Trinidad to third
Runner from 3rd tries for Home, SAFE, no throw
Batting: RHB Mario Salazar 0-0: Ball
Enrique Vásquez is caught stealing 2nd base
Bottom of the 1st over - 1 run(s), 1 hit(s), 1 error(s), 0 left on base; Washington 0 - Alameda 1
TOP OF THE 2ND
Washington Generals batting - Pitching for Alameda Airmen : RHP Burm Snart
Batting: RHB Britt Lynch 0-0: Ball
1-0: Ball
2-0: Called Strike
2-1: Ball
3-1: Foul Ball, location: 2F
3-2: DOUBLE (Line Drive, 7)
Batting: RHB Gustavo González 0-0: Called Strike
0-1: Foul Ball, location: 2F
0-2: Strikes out looking
Batting: RHB Roberto Aguirre 0-0: Ball
1-0: Ball
2-0: Ball
3-0: Base on Balls
Batting: RHB Mike Isley 0-0: Swinging Strike
0-1: Ball
1-1: Grounds into double play, 4-6-3 (Groundball, 4)
Top of the 2nd over - 0 run(s), 1 hit(s), 0 error(s), 1 left on base; Washington 0 - Alameda 1
BOTTOM OF THE 2ND
Alameda Airmen batting - Pitching for Washington Generals : RHP Baruc Garibay
Batting: RHB Mario Salazar 0-0: Called Strike
0-1: Foul Ball, location: 2F
0-2: Ball
1-2: SOLO HOME RUN (Flyball, 7LD), Distance : 358 ft
Batting: RHB Teobaldo Pasquetto 0-0: Ball
1-0: Bunt for hit - play at first, batter safe!
Batting: LHB Bob Maher 0-0: Ball
1-0: Ball
Teobaldo Pasquetto steals 2nd base
2-0: Called Strike
2-1: Foul Ball, location: 2F
2-2: Ball
3-2: Strikes out swinging
Batting: RHB Juan Costello 0-0: Ball
1-0: Called Strike
1-1: Foul Ball, location: 2F
1-2: Strikes out looking
Batting: RHB Javier Marino 0-0: Ball
1-0: Fly out, F8 (Flyball, 8LS)
Bottom of the 2nd over - 1 run(s), 2 hit(s), 0 error(s), 1 left on base; Washington 0 - Alameda 2
TOP OF THE 3RD
Washington Generals batting - Pitching for Alameda Airmen : RHP Burm Snart
Batting: RHB Ángel Castro 0-0: Ball
1-0: Foul Ball, location: 2F
1-1: Called Strike
1-2: Foul Ball, location: 2F
1-2: SINGLE (Groundball, 4MD)
Batting: RHB Eduardo Frantz 0-0: Ball
1-0: Ball
2-0: Foul Ball, location: 2F
2-1: Called Strike
2-2: Strikes out swinging
Batting: SHB Dennis Barraclough 0-0: Called Strike
0-1: Ball
1-1: Swinging Strike
1-2: Foul Ball, location: 2F
1-2: Ball
2-2: Ball
3-2: Fielders Choice at 2nd, 3-6 (Groundball, 3)
Batting: RHB Raúl García 0-0: Ball
1-0: Ball
2-0: Called Strike
2-1: Foul Ball, location: 2F
2-2: Ball
3-2: SINGLE (Groundball, 2L) (infield hit)
Dennis Barraclough to second
Batting: SHB Enrique Costello 0-0: Called Strike
0-1: Fly out, F8 (Flyball, 78M)
Top of the 3rd over - 0 run(s), 2 hit(s), 0 error(s), 2 left on base; Washington 0 - Alameda 2
BOTTOM OF THE 3RD
Alameda Airmen batting - Pitching for Washington Generals : RHP Baruc Garibay
Batting: LHB Juan Ledezma 0-0: Ground out 1-3 (Groundball, P)
Batting: RHB Bryant Skelly 0-0: Ball
1-0: Swinging Strike
1-1: SINGLE (Groundball, 5D)
Batting: RHB Fernando Trinidad 0-0: Called Strike
0-1: Ball
1-1: Ball
Bryant Skelly steals 2nd base
2-1: Called Strike
2-2: Foul Ball, location: 2F
2-2: Ball
3-2: SINGLE (Line Drive, 56D)
Bryant Skelly to third
Runner from 3rd tries for Home, SAFE, no throw
Batting: LHB Enrique Vásquez 0-0: Ball
1-0: Foul Ball, location: 2F
1-1: Ball
2-1: Swinging Strike
2-2: Foul Ball, location: 2F
2-2: Ball
3-2: DOUBLE (Groundball, 3L)
Fernando Trinidad to third
Runner from 3rd tries for Home, SAFE, throw made at trailing runner, OUT at third!
Batting: RHB Mario Salazar 0-0: Ball
1-0: Ball
2-0: Fly out, F2 (Popup, 3S)
Bottom of the 3rd over - 2 run(s), 3 hit(s), 0 error(s), 0 left on base; Washington 0 - Alameda 4
TOP OF THE 4TH
Washington Generals batting - Pitching for Alameda Airmen : RHP Burm Snart
Batting: RHB Britt Lynch 0-0: Ball
1-0: Swinging Strike
1-1: Ground out 6-3 (Groundball, 6)
Batting: RHB Gustavo González 0-0: Called Strike
0-1: Fly out, F3 (Line Drive, 3)
Batting: RHB Roberto Aguirre 0-0: Called Strike
0-1: Ball
1-1: Ball
2-1: Fly out, F8 (Flyball, 8RD)
Top of the 4th over - 0 run(s), 0 hit(s), 0 error(s), 0 left on base; Washington 0 - Alameda 4
BOTTOM OF THE 4TH
Alameda Airmen batting - Pitching for Washington Generals : RHP Baruc Garibay
Batting: RHB Teobaldo Pasquetto 0-0: Ball
1-0: Ball
2-0: Called Strike
2-1: Ball
3-1: Base on Balls
Batting: LHB Bob Maher 0-0: Ball
1-0: Called Strike
1-1: Fly out, F7 (Flyball, 7S)
Batting: RHB Juan Costello 0-0: Ball
Teobaldo Pasquetto is caught stealing 2nd base
1-0: Ground out 5-3 (Groundball, 56)
Bottom of the 4th over - 0 run(s), 0 hit(s), 0 error(s), 0 left on base; Washington 0 - Alameda 4
TOP OF THE 5TH
Washington Generals batting - Pitching for Alameda Airmen : RHP Burm Snart
Batting: RHB Mike Isley 0-0: Called Strike
0-1: Foul Ball, location: 2F
0-2: Ball
1-2: Fly out, F9 (Flyball, 9S)
Batting: RHB Ángel Castro 0-0: DOUBLE (Groundball, 5L)
Batting: RHB Eduardo Frantz 0-0: Swinging Strike
0-1: Ball
1-1: Foul Ball, location: 2F
1-2: Strikes out swinging
Batting: SHB Dennis Barraclough 0-0: Ball
1-0: Ball
2-0: Ball
3-0: Base on Balls
Batting: RHB Raúl García 0-0: SINGLE (Line Drive, 4D)
Ángel Castro to third
Dennis Barraclough to second
Runner from 3rd tries for Home, SAFE, no throw
Batting: SHB Enrique Costello 0-0: Called Strike
0-1: Ball
1-1: SINGLE (Groundball, 34D)
Dennis Barraclough to third
Raúl García to second
Runner from 3rd tries for Home, SAFE, no throw
Batting: RHB Britt Lynch 0-0: Ball
1-0: Foul Ball, location: 2F
1-1: Foul Ball, location: 2F
1-2: DOUBLE (Line Drive, 8RD)
Raúl García scores
Enrique Costello to third
Batting: RHB Gustavo González 0-0: Called Strike
0-1: SINGLE (Line Drive, 56D)
Enrique Costello scores
Britt Lynch to third
Batting: RHB Roberto Aguirre 0-0: Ball
1-0: Foul Ball, location: 2F
1-1: Foul Ball, location: 2F
1-2: Strikes out swinging
Top of the 5th over - 4 run(s), 5 hit(s), 0 error(s), 2 left on base; Washington 4 - Alameda 4
BOTTOM OF THE 5TH
Alameda Airmen batting - Pitching for Washington Generals : RHP Baruc Garibay
Batting: RHB Javier Marino 0-0: Called Strike
0-1: Foul Ball, location: 2F
0-2: Foul Ball, location: 2F
0-2: Ball
1-2: Ball
2-2: Strikes out swinging
Batting: LHB Juan Ledezma 0-0: Foul Ball, location: 2F
0-1: Ball
1-1: Ball
2-1: Reached on error, E3 (Groundball, 34)
Batting: RHB Bryant Skelly 0-0: Ball
1-0: Foul Ball, location: 2F
1-1: Fly out, F5 (Popup, 5)
Batting: RHB Fernando Trinidad 0-0: Ball
Juan Ledezma steals 2nd base
1-0: Foul Ball, location: 2F
1-1: Called Strike
1-2: Ball
2-2: Ball
3-2: Foul Ball, location: 2F
3-2: Foul Ball, location: 2F
3-2: Foul Ball, location: 2F
3-2: Base on Balls
Pitching: RHP Wilbert Williams
Batting: LHB Enrique Vásquez 0-0: Called Strike
0-1: Called Strike
0-2: Strikes out looking
Bottom of the 5th over - 0 run(s), 0 hit(s), 1 error(s), 2 left on base; Washington 4 - Alameda 4
TOP OF THE 6TH
Washington Generals batting - Pitching for Alameda Airmen : RHP Burm Snart
Batting: RHB Mike Isley 0-0: Ball
1-0: Ball
2-0: SINGLE (Groundball, 4MD)
Batting: RHB Ángel Castro 0-0: Bunted foul
0-1: Sac Bunt - play at second, runner OUT! 1-6
Pitching: RHP Alex Ratledge
Batting: RHB Eduardo Frantz 0-0: Ball
1-0: Ball
2-0: Called Strike
2-1: Swinging Strike
2-2: Foul Ball, location: 2F
2-2: Fly out, F8 (Flyball, 8LS)
Batting: SHB Dennis Barraclough 0-0: Ball
1-0: SINGLE (Line Drive, 34D)
Ángel Castro to second
Batting: RHB Raúl García 0-0: Foul Ball, location: 2F
0-1: Swinging Strike
0-2: Ball
1-2: Strikes out swinging
Top of the 6th over - 0 run(s), 2 hit(s), 0 error(s), 2 left on base; Washington 4 - Alameda 4
BOTTOM OF THE 6TH
Alameda Airmen batting - Pitching for Washington Generals : RHP Wilbert Williams
Batting: RHB Mario Salazar 0-0: Foul Ball, location: 2F
0-1: Ball
1-1: Fly out, F4 (Flyball, 4MD)
Batting: RHB Teobaldo Pasquetto 0-0: Ball
1-0: Foul Ball, location: 2F
1-1: Swinging Strike
1-2: Ball
2-2: Strikes out swinging
Batting: LHB Bob Maher 0-0: Called Strike
0-1: Ground out U3 (Groundball, 34)
Bottom of the 6th over - 0 run(s), 0 hit(s), 0 error(s), 0 left on base; Washington 4 - Alameda 4
TOP OF THE 7TH
Washington Generals batting - Pitching for Alameda Airmen : RHP Alex Ratledge
Batting: SHB Enrique Costello 0-0: Ball
1-0: Called Strike
1-1: Fly out, F3 (Popup, 3L)
Batting: RHB Britt Lynch 0-0: Foul Ball, location: 2F
0-1: Called Strike
0-2: Strikes out swinging
Batting: RHB Gustavo González 0-0: Called Strike
0-1: Foul Ball, location: 2F
0-2: Ball
1-2: Ball
2-2: Ball
3-2: Base on Balls
Batting: RHB Roberto Aguirre 0-0: Foul Ball, location: 2F
0-1: Hit by Pitch
Gustavo González to second
Pinch Runner at 1st Jim Unknown:
Pinch Hitting: LHB Jim Unknown 0-0: Called Strike
0-1: Ball
1-1: 3-RUN HOME RUN (Flyball, 89XD), Distance : 376 ft
Pitching: LHP Israel Arant
Batting: RHB Ángel Castro 0-0: Called Strike
0-1: Ball
1-1: Ball
2-1: DOUBLE (Line Drive, 78D)
Batting: RHB Eduardo Frantz 0-0: Ball
1-0: Called Strike
1-1: Called Strike
1-2: Strikes out swinging
Top of the 7th over - 3 run(s), 2 hit(s), 0 error(s), 1 left on base; Washington 7 - Alameda 4
BOTTOM OF THE 7TH
Alameda Airmen batting - Pitching for Washington Generals : RHP Wilbert Williams
Now at 3B: Jim Unknown
Now in RF: Jim Unknown
Batting: RHB Juan Costello 0-0: Swinging Strike
0-1: Ball
1-1: Foul Ball, location: 2F
1-2: Ball
2-2: Foul Ball, location: 2F
2-2: Strikes out swinging
Batting: RHB Javier Marino 0-0: Called Strike
0-1: Ground out 6-3 (Groundball, 6)
Batting: LHB Juan Ledezma 0-0: Ball
1-0: Swinging Strike
1-1: Ball
2-1: Ground out 4-3 (Groundball, 4)
Bottom of the 7th over - 0 run(s), 0 hit(s), 0 error(s), 0 left on base; Washington 7 - Alameda 4
TOP OF THE 8TH
Washington Generals batting - Pitching for Alameda Airmen : LHP Israel Arant
Batting: SHB Dennis Barraclough 0-0: Called Strike
0-1: Ground out 6-3 (Groundball, 6)
Batting: RHB Raúl García 0-0: Ball
1-0: Called Strike
1-1: SINGLE (Flyball, 8RS)
Batting: SHB Enrique Costello 0-0: SINGLE (Line Drive, 89S)
Raúl García to second
Batting: RHB Britt Lynch 0-0: SINGLE (Groundball, 4M) (infield hit)
Raúl García to third
Enrique Costello to second
Batting: RHB Gustavo González 0-0: Foul Ball, location: 2F
0-1: Foul Ball, location: 2F
0-2: Strikes out swinging
Batting: SHB Jim Unknown 0-0: Ball
1-0: Ball
2-0: Ball
3-0: Called Strike
3-1: Fly out, F3 (Flyball, 3D)
Top of the 8th over - 0 run(s), 3 hit(s), 0 error(s), 3 left on base; Washington 7 - Alameda 4
BOTTOM OF THE 8TH
Alameda Airmen batting - Pitching for Washington Generals : RHP Wilbert Williams
Batting: RHB Bryant Skelly 0-0: Ground out 6-3 (Groundball, 6)
Batting: RHB Fernando Trinidad 0-0: Called Strike
0-1: Ball
1-1: Ball
2-1: Foul Ball, location: 2F
2-2: Fly out, F8 (Flyball, 89M)
Batting: LHB Enrique Vásquez 0-0: Called Strike
0-1: Foul Ball, location: 2F
0-2: Ball
1-2: Ball
2-2: Ball
3-2: Foul Ball, location: 2F
3-2: Foul Ball, location: 2F
3-2: Foul Ball, location: 2F
3-2: Fly out, F7 (Flyball, 7S)
Bottom of the 8th over - 0 run(s), 0 hit(s), 0 error(s), 0 left on base; Washington 7 - Alameda 4
TOP OF THE 9TH
Washington Generals batting - Pitching for Alameda Airmen : LHP Israel Arant
Batting: LHB Jim Unknown 0-0: Ball
1-0: Swinging Strike
1-1: Ground out 4-3 (Groundball, 34D)
Batting: RHB Ángel Castro 0-0: Called Strike
0-1: Ball
1-1: Called Strike
1-2: Foul Ball, location: 2F
1-2: Ground out 6-3 (Groundball, 6S)
Batting: RHB Eduardo Frantz 0-0: SINGLE (Line Drive, 8LS)
Batting: SHB Dennis Barraclough 0-0: Ball
1-0: Ball
2-0: Ball
3-0: Base on Balls
Eduardo Frantz to second
Batting: RHB Raúl García 0-0: Ball
1-0: Called Strike
1-1: Fielders Choice at 2nd, 5-4 (Groundball, 5)
Top of the 9th over - 0 run(s), 1 hit(s), 0 error(s), 1 left on base; Washington 7 - Alameda 4
BOTTOM OF THE 9TH
Alameda Airmen batting - Pitching for Washington Generals : RHP Wilbert Williams
Pitching: LHP Pedro Pérez
Batting: RHB Mario Salazar 0-0: Ball
1-0: Called Strike
1-1: Swinging Strike
1-2: Ground out 5-3 (Groundball, 56)
Batting: RHB Teobaldo Pasquetto 0-0: Called Strike
0-1: SINGLE (Groundball, 56) (infield hit)
Batting: LHB Bob Maher 0-0: Ball
1-0: Ball
2-0: SINGLE (Groundball, 34)
Teobaldo Pasquetto to second
Runner from 2nd tries for 3rd, SAFE, no throw
Batting: RHB Juan Costello 0-0: Called Strike
0-1: Ball
1-1: Foul Ball, location: 2F
1-2: Ball
Wild Pitch!
Teobaldo Pasquetto scores
Bob Maher to second
2-2: Strikes out swinging
Batting: RHB Javier Marino 0-0: Called Strike
0-1: Ball
1-1: Foul Ball, location: 2F
1-2: Ball
2-2: Fly out, F8 (Flyball, 78D)
Bottom of the 9th over - 1 run(s), 2 hit(s), 0 error(s), 1 left on base; Washington 7 - Alameda 5
Friday, December 30th, 2016 - OOTP Baseball 17.12 Build 75